 Dungeon Crawl Stone Soup version 0.29.1-15-g9cfb28693d (webtiles) character file.

Game seed: 8313501368462837961

11 leafyfresh the Sneak (level 2, -13/21 HPs)
             Began as an Octopode Delver on Mar 4, 2023.
             Mangled by an orc warrior
             ... wielding a +0 scimitar
              (22 damage)
             ... on level 6 of the Dungeon.
             The game lasted 00:00:23 (279 turns).

leafyfresh the Sneak (Octopode Delver)               Turns: 279, Time: 00:00:23

Health: -13/21     AC:  1    Str: 11    XL:     2   Next: 25%
Magic:  2/2        EV: 13    Int: 12    God:
Gold:   0          SH:  0    Dex: 13    Spells: 1/1 levels left

rFire   . . .      SeeInvis .   a - +0 short sword
rCold   . . .      Faith    .   (no shield)
rNeg    . . .      Spirit   .   (helmet restricted)
rPois   .          Reflect  .   (no amulet)
rElec   .          Harm     .   (no ring)
rCorr   .          Rampage  .   (no ring)
Will    .....                   (no ring)
Stlth   ++++......              (no ring)
HPRegen 0.07/turn               (no ring)
MPRegen 0.08/turn               (no ring)
                                (no ring)
                                (no ring)

@: no status effects
A: almost no armour, amphibious, 8 rings, camouflage 1, gelatinous body 1,
(nimble swimmer 1), tentacles
a: no special abilities


You were on level 6 of the Dungeon.
You visited 1 branch of the dungeon, and saw 2 of its levels.

Inventory:

Hand Weapons
 a - a +0 short sword (weapon)
Wands
 f - a wand of digging (3)
Scrolls
 c - a scroll of magic mapping
 d - a scroll of fear
Potions
 e - a potion of haste


   Skills:
 + Level 3.2 Fighting
 - Level 2.0 Short Blades
 + Level 2.3 Dodging
 + Level 6.8 Stealth


You had one spell level left.
You didn't know any spells.
Your spell library was empty.

Dungeon Overview and Level Annotations

Branches:
Dungeon (6/15)
 Temple: D:4-7

Altars:


Innate Abilities, Weirdness & Mutations

You cannot wear most types of armour.
You are amphibious.
You can wear up to eight rings at the same time.
Your skin changes colour to match your surroundings (Stealth+).
Your rubbery body absorbs attacks. (AC +1, EV +1)
((You are camouflaged when in or above water. (Stealth+)))
You have tentacles for arms and can constrict up to eight enemies at once.


Message History

An adder is nearby!
The adder hisses angrily.
An adder is nearby!
An orc comes into view. It is wielding a +0 mace.
The orc shouts!
You hear a shout!
Found 16 gold pieces.
The adder bites you.
You closely miss the adder. You grab the adder. You squeeze the adder.
The adder is moderately wounded.
You constrict the adder. The adder barely misses you.
You hit the adder but do no damage.
The adder is heavily wounded.
You constrict the adder. The adder bites you but does no damage.
You hit the adder. You squeeze the adder.
You kill the adder!
An orc warrior comes into view. It is wielding a +0 scimitar.
You have reached level 2!
You closely miss the orc. You grab the orc. You squeeze the orc.
The orc is almost dead.
You constrict the orc.
You kill the orc!
An orc priest comes into view. It is wielding a +0 dagger.
An orc wizard comes into view. It is wielding a +0 dagger.
Found fire dragon scales.
The orc priest shouts!
You see here a +0 mace.
The orc priest invokes the aid of Beogh against you.
Beogh smites you!
You hear a shout!
As you read the scroll of fog, it crumbles to dust.
The scroll dissolves into smoke.
Unknown command.
Unknown command.
An orc priest comes into view. It is wielding a +0 club.
You hit the orc warrior but do no damage.
Your grab misses the orc warrior. You hit the orc priest.
Your grab misses the orc priest.
The orc priest is lightly wounded.
The orc warrior hits you with a +0 scimitar!!
Ouch! That really hurt!
You die...

#.......)...#
#........†..###
#....o........#
#....§§...o...#
#..§§§§§.o....#
#..§§§§§§§....#
#..##§§§.§....#
### ######o...#
#@o..# #....#
######


You could see an orc warrior, 2 orc priests and an orc wizard.

Vanquished Creatures
  An adder (D:6)
  An orc (D:6)
2 creatures vanquished.

Notes
Turn   | Place    | Note
-------+----------+-------------------------------------------
     0 | D:5      | leafyfresh the Octopode Delver began the quest for the Orb.
     0 | D:5      | Reached XP level 1. HP: 16/16 MP: 1/1
     1 | D:5      | Noticed an orc priest
     3 | D:5      | Noticed an orc wizard
     4 | D:5      | Noticed an orc wizard
   262 | D:6      | Noticed an orc warrior
   263 | D:6      | Reached XP level 2. HP: 15/21 MP: 2/2
   279 | D:6      | Mangled by an orc warrior

Illustrated notes

Levels and vault maps discovered:
D:5:      layout_basic, serial_shops, nicolae_square_shop, cheibrodos_gnoll_hut
D:6:      layout_rooms, serial_corexii_hall, chequers_hall_statues_corner_a,
          corexii_hall_statues_x

Action                   || total
-------------------------++-------
Melee: Short sword       ||     6
       Tentacles         ||     3
       Constrict         ||     2
  Use: Scroll            ||     1
Armor: Skin              ||     1
Dodge: Dodged            ||     1
